 Dungeon Crawl Stone Soup version 0.21.0-3-g78d12a8 (webtiles) character file.

140351 MTVSty1e the Bludgeoner (level 17, -1/115 HPs)
             Began as a Gargoyle Fighter on Jan 8, 2018.
             Was the Champion of Okawaru.
             Slain by a spark wasp (5 damage)
             ... on level 3 of the Spider Nest.
             The game lasted 01:13:02 (34274 turns).

MTVSty1e the Bludgeoner (Gargoyle Fighter)         Turns: 34274, Time: 01:13:02

Health: -1/115     AC: 43    Str: 26    XL:     17   Next: 30%
Magic:  25/25      EV: 10    Int: 10    God:    Okawaru [******]
Gold:   620        SH:  0    Dex:  7    Spells: 16/16 levels left

rFire    + + +     SeeInvis +   S - +7 great mace "Firestarter" {inner flame, rF++}
rCold    x . .     Gourm    .   (shield currently unavailable)
rNeg     + . .     Faith    .   T - +7 fire dragon scales of Ashenzari's Vengeance {+Fly rPois rF++ rC- Dex-2}
rPois    ∞         Spirit   .   M - +2 hat
rElec    +         Reflect  .   e - +2 cloak {rPois}
rCorr    +         Harm     .   s - +1 pair of gloves
MR       +....     Rnd*Rage +   L - +0 pair of boots
Stlth    ..........             (no amulet)
HPRegen  0.29/turn              x - ring of see invisible
MPRegen  0.19/turn              j - ring of resist corrosion

@: flying
A: antennae 1, big wings, hooves 1, molten scales 1, berserk 1, negative energy
resistance 1, electricity resistance, unbreathing, petrification resistance, rot
immunity, AC +12
a: Stop Flying, Heroism, Finesse, Renounce Religion


You were on level 3 of the Spider Nest.
You worshipped Okawaru.
Okawaru was exalted by your worship.
You were not hungry.

You visited 5 branches of the dungeon, and saw 28 of its levels.
You also visited: Bailey.

You collected 2972 gold pieces.
You spent 2352 gold pieces at shops.

Inventory:

Hand Weapons
 k - the +5 flail "Sost" {venom, +Rage rPois}
   (You found it on level 4 of the Dungeon)

   It poisons the flesh of those it strikes.
   It protects you from poison.
   It lets you go berserk.
 H - a +5 demon whip of venom
 K - the +5 morningstar of Zijup {protect, +Blink rElec}
   (Okawaru gifted it to you on level 5 of the Lair of Beasts)

   It protects the one who uses it against injury (+AC on strike).
   It insulates you from electricity.
   It lets you blink.
 Q - a +2 morningstar of holy wrath
 S - the +7 great mace "Firestarter" (weapon) {inner flame, rF++}
   (Okawaru gifted it to you on level 2 of the Orcish Mines)

   It has been specially enchanted to burn those struck by it, causing extra
   injury to most foes and up to half again as much damage against particularly
   susceptible opponents.
   It greatly protects you from fire.
Armour
 b - a +2 plate armour of fire resistance
 c - a +0 shield
 e - a +2 cloak of poison resistance (worn)
 r - a +0 large shield
 s - a +1 pair of gloves (worn)
 t - a +0 helmet
 L - a +0 pair of boots (worn)
 M - a +2 hat (worn)
 R - the +0 plate armour of Itipi {rElec MR+ Str+6}
   (You bought it in a shop on level 6 of the Dungeon)

   It affects your strength (+6).
   It insulates you from electricity.
   It affects your resistance to hostile enchantments.
 T - the +7 fire dragon scales of Ashenzari's Vengeance (worn) {+Fly rPois rF++ rC- Dex-2}
   (You bought it in a shop on level 2 of the Orcish Mines)

   It affects your dexterity (-2).
   It greatly protects you from fire.
   It makes you vulnerable to cold.
   It protects you from poison.
   It lets you fly.
Jewellery
 j - a ring of resist corrosion (right hand)
 x - a ring of see invisible (left hand)
 W - an uncursed ring of positive energy {unknown}
 X - a +3 ring of strength {unknown}
Wands
 u - a wand of flame (92)
 w - a wand of iceblast (11)
 y - a wand of paralysis (7)
 z - a wand of acid (12)
 E - a wand of scattershot (3)
 F - a wand of digging (35)
 I - a wand of clouds (6)
 P - a wand of polymorph (29)
Scrolls
 a - 4 scrolls of fear
 g - a scroll of blinking
 m - 9 scrolls of identify
 p - 8 scrolls of remove curse
 q - 13 scrolls of teleportation
 B - 4 scrolls of amnesia
 N - a scroll of enchant armour
 U - a scroll of vulnerability {unknown}
Potions
 d - 11 potions of curing
 h - 3 potions of ambrosia
 i - 2 potions of agility
 l - a potion of invisibility
 n - 5 potions of magic
 o - 2 potions of cancellation
 v - 2 potions of berserk rage
 A - 7 potions of lignification
 C - 3 potions of resistance
 D - 3 potions of brilliance
 G - 2 potions of might
 J - 5 potions of haste
 O - a potion of experience


   Skills:
 * Level 16.1 Fighting
 * Level 18.8 Maces & Flails
 + Level 12.0 Armour
 - Level 11.8 Shields
 + Level 11.5 Invocations


You had 16 spell levels left.
You didn't know any spells.

Dungeon Overview and Level Annotations

Branches:
Dungeon (15/15)            Temple (1/1) D:5            Lair (6/6) D:11
 Shoals (0/4) Lair:3       Spider (4/4) Lair:3        Slime (0/5) Lair:6
    Orc (2/2) D:9             Elf (0/3) Orc:2        Vaults (0/5) D:13
 Depths (0/5) D:15

Altars:
Ashenzari
Cheibriados
Dithmenos
Elyvilon
Fedhas
Gozag
Hepliaklqana
Kikubaaqudgha
Makhleb
Nemelex Xobeh
Okawaru
Ru
Sif Muna
Uskayaw
Vehumet
Wu Jian
Xom
Yredelemnul
The Shining One
Beogh

Shops:
D:4 *   D:6 [   Orc:2 ([(*

Annotations:
Lair:6 exclusion: 2 oklob plants


Innate Abilities, Weirdness & Mutations

You are resistant to torment.
Your stone body is resilient. (AC +12)
You are immune to poison.
Your large and strong wings let you fly indefinitely.
You resist negative energy. (rN+)
You are resistant to electric shocks. (rElec)
You can survive without breathing.
You are immune to petrification.
You are immune to rotting.
You have a pair of small antennae on your head.
You have large cloven feet.
You are partially covered in molten scales. (AC +2)
You tend to lose your temper in combat.


Message History

The spark wasp stings you but does no damage.
You closely miss the spark wasp.
The spark wasp is moderately wounded.
The spark wasp stings you but does no damage.
You closely miss the spark wasp.
The spark wasp is moderately wounded.
The spark wasp misses you. The spark wasp closely misses you.
You hit the spark wasp. You burn the spark wasp.
The spark wasp is moderately wounded.
The spark wasp stings you but does no damage.
You miss the spark wasp.
The spark wasp is moderately wounded.
The spark wasp stings you but does no damage.
You bludgeon the spark wasp!! You burn the spark wasp!
The spark wasp is almost dead.
The spark wasp stings you!
* * * LOW HITPOINT WARNING * * *
The spark wasp shocks you. You resist.
You die...

# # #### ##### ###..###
#...###### ####
.###...###.#..##.^####..#
## ##...##.###..####....#
## ###..#.# ##..##.....#
.## ##...# ###...^....#
..## ###.###.y@.......#
##.## #....###.#....##
###.###
#########.##...###
####^.###.# ###..###.##.#
..###..##.####....#
#....#
.##...........#####
#....# ..........#.###
##...## ............#
##....# ...#........##
#^....#


You could see a spark wasp (inner flame).

Vanquished Creatures
  Nikola (Spider:2)
  Rupert (D:14)
  Louise (Spider:2)
  A ghost moth (Spider:2)
  An emperor scorpion (Spider:1)
  3 orc warlords
  2 entropy weavers (Spider:2)
  Nessos (D:14)
  A spark wasp (Spider:4)
  Josephine (D:15)
  8 vault guards
  7 hydras
  A centaur warrior (D:15)
  Erolcha (D:9)
  Erica (D:8)
  A merfolk avatar (Lair:6)
  3 two-headed ogres
  A death knight (D:13)
  5 death yaks
  3 tengu warriors
  Urug (Lair:4)
  2 orc high priests (Orc:2)
  The ghost of HungrySpirit the Skirmisher, a novice VSAM of Okawaru (D:8)
  A fire crab (Lair:5)
  4 unseen horrors
  3 wizards (D:15)
  Pikel (D:7)
  2 deep elf magi (D:15)
  4 orc knights
  A necromancer (D:15)
  3 harpies (Lair:6)
  A lindwurm (Lair:5)
  9 orb spiders
  A phantasmal warrior (D:13)
  20 wolf spiders
  4 oklob plants (Lair:3)
  3 orc sorcerers
  11 ugly things
  2 manticores
  5 cyclopes
  A moth of wrath (Spider:3)
  4 black mambas
  5 elephants
  A gargoyle (D:11)
  A spectral redback (Spider:4)
  12 spiny frogs
  2 torpor snails
  The ghost of imganon the Chopper, a novice DsBe of Trog (D:6)
  A kobold demonologist (D:14)
  2 freezing wraiths (D:13)
  12 demonic crawlers
  6 rime drakes
  2 efreet
  11 komodo dragons
  10 trolls
  The ghost of Ratty the Archer, an amateur CeHu (D:4)
  7 polar bears
  19 jumping spiders
  3 hornets
  9 slime creatures
  A wolf spider simulacrum (D:15)
  A blink frog (shapeshifter) (D:9)
  13 hippogriffs
  A meliai zombie (D:12)
  A centaur simulacrum (D:15)
  Sigmund (D:6)
  53 redbacks
  A shadow (D:12)
  14 wyverns
  32 yaks
  18 tarantellas
  7 wraiths
  3 fire bats (Lair:1)
  6 basilisks
  A steam dragon (D:12)
  6 vampire mosquitoes
  Menkaure (D:6)
  3 wargs (Orc:1)
  Edmund (D:6)
  An acid dragon (D:14)
  6 water moccasins
  A hell hound (D:14)
  Duvessa (D:6)
  43 orc warriors
  13 porcupines
  3 ice beasts
  A hornet zombie (D:15)
  A slave (D:7)
  2 necrophages
  7 sky beasts
  3 wolves (Lair:4)
  A phantom (D:11)
  14 ogres
  9 centaurs
  16 crocodiles
  A big kobold (D:9)
  13 bullfrogs
  A water moccasin zombie (D:7)
  Dowan (D:6)
  5 scorpions
  The ghost of othur the Cudgeler, a weakling MiFi (D:3)
  3 killer bees (D:11)
  19 wights
  5 electric eels
  7 howler monkeys
  2 centaur zombies
  3 bullfrog zombies
  5 crimson imps
  A quasit (D:7)
  5 hounds
  2 jellies
  33 orc wizards
  21 orc priests
  8 centaur skeletons
  5 iguanas
  Crazy Yiuf (D:5)
  Natasha (thrice) (D:4)
  18 worker ants
  A hound zombie (D:9)
  A hound skeleton (D:11)
  Robin (D:4)
  14 gnolls
  15 adders
  3 shadow imps
  5 adder zombies
  2 adder skeletons
  5 worms
  2 dart slugs (D:1)
  7 leopard geckos
  133 orcs
  3 giant cockroaches
  20 hobgoblins
  14 kobolds
  5 quokkas
  3 ball pythons
  20 bats
  7 frilled lizards
  34 goblins
  A jackal skeleton (D:7)
  2 quokka zombies
  7 rats
  A bush (D:5)
988 creatures vanquished.

Vanquished Creatures (others)
  2 orb spiders
  A jumping spider (Spider:2)
  2 orcs (Orc:1)
  A bush (Lair:6)
  8 fungi
  16 plants
30 creatures vanquished.

Grand Total: 1018 creatures vanquished

Notes
Turn   | Place    | Note
-------+----------+-------------------------------------------
     0 | D:1      | MTVSty1e the Gargoyle Fighter began the quest for the Orb.
     0 | D:1      | Reached XP level 1. HP: 14/14 MP: 1/1
    63 | D:1      | Reached XP level 2. HP: 17/19 MP: 2/2
   186 | D:1      | Reached skill level 3 in Maces & Flails
   404 | D:1      | Reached XP level 3. HP: 23/23 MP: 3/3
   715 | D:2      | Reached skill level 4 in Maces & Flails
   736 | D:1      | Reached XP level 4. HP: 9/28 MP: 4/4
  1381 | D:2      | Found a burning altar of Makhleb.
  1604 | D:2      | Reached skill level 5 in Maces & Flails
  1604 | D:2      | Reached XP level 5. HP: 30/32 MP: 5/5
  2203 | D:3      | Reached skill level 6 in Maces & Flails
  2203 | D:3      | Reached XP level 6. HP: 20/37 MP: 6/6
  2263 | D:3      | Noticed othur's ghost (weakling MiFi)
  2277 | D:3      | Killed othur's ghost
  2498 | D:3      | Found a basalt altar of Yredelemnul.
  2596 | D:3      | Found a deep blue altar of Sif Muna.
  2841 | D:4      | Found Joco's Assorted Antiques.
  2851 | D:4      | Noticed Robin
  3102 | D:4      | Reached skill level 7 in Maces & Flails
  3107 | D:4      | Killed Robin
  3151 | D:4      | Noticed Ratty's ghost (amateur CeHu)
  3455 | D:4      | Reached XP level 7. HP: 16/41 MP: 7/7
  3666 | D:4      | Got a dazzling flail
  3670 | D:5      | Entered Level 5 of the Dungeon
  3751 | D:5      | Identified the +5 flail "Sost" {venom, +Rage rPois} (You found it on level 4 of the Dungeon)
  3877 | D:4      | Killed Ratty's ghost
  3877 | D:4      | Reached skill level 8 in Maces & Flails
  3985 | D:4      | Found a blossoming altar of Fedhas.
  4001 | D:4      | Reached XP level 8. HP: 19/48 MP: 8/8
  4197 | D:4      | Noticed Natasha
  4198 | D:4      | Found a shimmering altar of Xom.
  4204 | D:4      | Killed Natasha
  4222 | D:4      | Noticed Natasha
  4228 | D:4      | Killed Natasha
  4273 | D:4      | Noticed Natasha
  4275 | D:4      | Killed Natasha
  4463 | D:5      | Reached skill level 5 in Fighting
  4467 | D:5      | Reached skill level 9 in Maces & Flails
  4650 | D:5      | Found a staircase to the Ecumenical Temple.
  4660 | Temple   | Entered the Ecumenical Temple
  4702 | Temple   | Became a worshipper of Warmaster Okawaru
  4772 | D:5      | Noticed a hand axe
  4772 | D:5      | Noticed an enchanted hand axe
  4775 | D:5      | Found a hide-covered altar of Uskayaw.
  5703 | D:5      | Found a runed door.
  5707 | D:5      | Noticed Crazy Yiuf
  5712 | D:5      | Killed Crazy Yiuf
  5850 | D:6      | Noticed Duvessa
  5851 | D:6      | Noticed Dowan
  5861 | D:6      | Killed Duvessa
  5861 | D:6      | Reached * piety under Okawaru
  5861 | D:6      | Reached skill level 10 in Maces & Flails
  5861 | D:6      | Reached XP level 9. HP: 54/56 MP: 9/9
  5874 | D:6      | Killed Dowan
  5991 | D:6      | Noticed Menkaure
  5998 | D:6      | Killed Menkaure
  6542 | D:6      | Noticed Edmund
  6554 | D:6      | Killed Edmund
  6720 | D:6      | Found Cinemuipn's Armour Boutique.
  6729 | D:6      | Noticed Sigmund
  6737 | D:6      | Killed Sigmund
  6737 | D:6      | Reached ** piety under Okawaru
  6737 | D:6      | Reached skill level 11 in Maces & Flails
  6942 | D:6      | Noticed imganon's ghost (novice DsBe)
  6960 | D:6      | Killed imganon's ghost
  7464 | D:7      | Noticed Pikel
  7480 | D:7      | Killed Pikel
  7480 | D:7      | Reached *** piety under Okawaru
  7480 | D:7      | Reached XP level 10. HP: 62/64 MP: 10/10
  7526 | D:7      | Reached skill level 12 in Maces & Flails
  7638 | D:7      | Gained mutation: You are weak. (Str -2) [potion of mutation]
  7638 | D:7      | Gained mutation: Your mind is acute. (Int +2) [potion of mutation]
  7638 | D:7      | Gained mutation: You are resistant to hostile enchantments. (MR+) [potion of mutation]
  8330 | D:8      | Noticed HungrySpirit's ghost (novice VSAM)
  8346 | D:8      | Killed HungrySpirit's ghost
  8346 | D:8      | Reached **** piety under Okawaru
  8547 | D:8      | Reached skill level 13 in Maces & Flails
  8557 | D:8      | Noticed Erica
  8573 | D:8      | Killed Erica
  8900 | D:9      | Found a staircase to the Orcish Mines.
  8945 | D:9      | Reached skill level 1 in Invocations
  8945 | D:9      | Reached XP level 11. HP: 55/72 MP: 11/11
  9005 | D:10     | Entered Level 10 of the Dungeon
  9013 | D:10     | Reached skill level 10 in Fighting
  9496 | D:9      | Reached ***** piety under Okawaru
 10026 | D:9      | Found a snail-covered altar of Cheibriados.
 10044 | D:9      | Noticed Erolcha
 10055 | D:9      | Killed Erolcha
 11110 | D:10     | Reached skill level 14 in Maces & Flails
 11304 | D:11     | Received a gift from Okawaru
 11322 | D:11     | Reached skill level 5 in Shields
 11328 | D:11     | Reached skill level 5 in Armour
 11526 | D:11     | Found a staircase to the Lair.
 11628 | D:11     | Noticed an unseen horror
 11653 | D:11     | Killed an unseen horror
 11653 | D:11     | Reached XP level 12. HP: 60/79 MP: 15/15
 11944 | Lair:1   | Entered Level 1 of the Lair of Beasts
 12949 | Lair:2   | Reached skill level 5 in Invocations
 13191 | Lair:2   | Reached ****** piety under Okawaru
 13945 | Lair:3   | Received a gift from Okawaru
 14379 | Lair:3   | Reached skill level 15 in Maces & Flails
 14397 | Lair:3   | Identified the Incunabulum of Cloudy Beguiling
 14404 | Lair:3   | Identified the +3 scale mail of Liberty {rCorr} (You found it on level 3 of the Lair of Beasts)
 15290 | Lair:3   | Found a hole to the Spider Nest.
 15297 | Lair:3   | Reached XP level 13. HP: 84/84 MP: 17/17
 15363 | Lair:3   | Found a staircase to the Shoals.
 15456 | Lair:3   | Received a gift from Okawaru
 16067 | Lair:4   | Received a gift from Okawaru
 16150 | Lair:4   | Found a radiant altar of Vehumet.
 16324 | Lair:4   | Noticed Urug
 16337 | Lair:4   | Killed Urug
 17418 | Lair:5   | Received a gift from Okawaru
 17427 | Lair:5   | Got an encrusted morningstar {god gift}
 17428 | Lair:5   | Identified the +5 morningstar of Zijup {protect, +Blink rElec} (Okawaru gifted it to you on level 5 of the Lair of Beasts)
 18210 | Lair:5   | Reached skill level 16 in Maces & Flails
 18681 | Lair:6   | Entered Level 6 of the Lair of Beasts
 18719 | Lair:6   | Found a staircase to the Slime Pits.
 18960 | Lair:6   | Received a gift from Okawaru
 19041 | Lair:6   | Identified the cursed +1 broad axe "Tephec Zumi" {flame, rC+ MP+9} (You found it on level 6 of the Lair of Beasts)
 19056 | Lair:6   | Gained mutation: Your large and strong wings let you fly indefinitely. [Gargoyle growth]
 19056 | Lair:6   | Reached XP level 14. HP: 78/92 MP: 19/19
 21650 | D:13     | Found a glowing golden altar of the Shining One.
 21892 | D:13     | Found a flagged portal.
 21914 | Bailey   | Entered a bailey
 22283 | Bailey   | Noticed an orc warlord
 22309 | Bailey   | Killed an orc warlord
 22321 | Bailey   | Received a gift from Okawaru
 22448 | Bailey   | Identified a scroll of acquirement
 22451 | Bailey   | Got a scintillating jade amulet
 22470 | D:13     | Identified the amulet of the Secret Yaks {Harm *Drain MP+9} (You acquired it in a bailey)
 22529 | D:13     | Reached skill level 17 in Maces & Flails
 22534 | D:13     | Found a gate to the Vaults.
 22793 | D:13     | Received a gift from Okawaru
 22823 | D:13     | Reached XP level 15. HP: 85/99 MP: 19/21
 23177 | D:13     | Reached skill level 10 in Armour
 23177 | D:13     | Reached skill level 10 in Shields
 23401 | D:14     | Noticed Nessos
 23408 | D:14     | Noticed Rupert
 23412 | D:14     | Killed Nessos
 23429 | D:14     | Killed Rupert
 23570 | D:14     | Received a gift from Okawaru
 24699 | D:15     | Entered Level 15 of the Dungeon
 24928 | D:15     | Reached skill level 10 in Invocations
 25465 | D:6      | Bought the +0 plate armour of Itipi {rElec MR+ Str+6} for 662 gold pieces
 25857 | D:15     | Noticed Josephine
 25871 | D:15     | Killed Josephine
 25958 | D:15     | Received a gift from Okawaru
 25973 | D:15     | Lost mutation: You are weak. (Str -2) [potion of mutation]
 25973 | D:15     | Lost mutation: Your mind is acute. (Int +2) [potion of mutation]
 25973 | D:15     | Lost mutation: You are resistant to hostile enchantments. (MR+) [potion of mutation]
 25973 | D:15     | Gained mutation: You have a pair of small antennae on your head. [potion of mutation]
 25973 | D:15     | Gained mutation: You tend to lose your temper in combat. [potion of mutation]
 25973 | D:15     | Gained mutation: You have sharp toenails. [potion of mutation]
 25973 | D:15     | Gained mutation: Your mind is acute. (Int +2) [potion of mutation]
 26026 | D:15     | Found a staircase to the Depths.
 26411 | Orc:1    | Entered Level 1 of the Orcish Mines
 26442 | Orc:1    | Reached XP level 16. HP: 107/107 MP: 23/23
 26527 | Orc:2    | Entered Level 2 of the Orcish Mines
 26968 | Orc:2    | Found a roughly hewn altar of Beogh.
 27104 | Orc:2    | Found a staircase to the Elven Halls.
 27119 | Orc:2    | Found a roughly hewn altar of Beogh.
 27120 | Orc:2    | Found Myer's Weapon Emporium.
 27331 | Orc:2    | Reached skill level 18 in Maces & Flails
 27614 | Orc:2    | Found a roughly hewn altar of Beogh.
 27619 | Orc:2    | Received a gift from Okawaru
 27620 | Orc:2    | Found the +7 great mace "Firestarter" {inner flame, rF++}
 27632 | Orc:2    | Found Teulangi's Assorted Antiques.
 28313 | Orc:2    | Found Plog's Antique Weapon Shoppe.
 28314 | Orc:2    | Found a roughly hewn altar of Beogh.
 28317 | Orc:2    | Found Bomym's Antique Armour Emporium.
 28334 | Orc:2    | Bought dazzling fire dragon scales for 1690 gold pieces
 28344 | Orc:2    | Identified the +7 fire dragon scales of Ashenzari's Vengeance {+Fly rPois rF++ rC- Dex-2} (You bought it in a shop on level 2 of the Orcish Mines)
 28893 | Spider:1 | Entered Level 1 of the Spider Nest
 28894 | Spider:1 | Found a frozen archway.
 28970 | Spider:1 | Reached skill level 15 in Fighting
 29214 | Spider:1 | Lost mutation: Your mind is acute. (Int +2) [potion of mutation]
 29214 | Spider:1 | Lost mutation: You have sharp toenails. [potion of mutation]
 29214 | Spider:1 | Gained mutation: You have large cloven feet. [potion of mutation]
 29214 | Spider:1 | Gained mutation: You are partially covered in molten scales. (AC +2) [potion of mutation]
 30007 | Spider:1 | Received a gift from Okawaru
 30762 | Spider:2 | Noticed Louise
 30771 | Spider:2 | Killed Louise
 31774 | Spider:2 | Noticed Nikola
 31819 | Spider:2 | Killed Nikola
 31819 | Spider:2 | Reached XP level 17. HP: 66/114 MP: 25/25
 33533 | Spider:4 | Entered Level 4 of the Spider Nest
 33537 | Spider:4 | Received a gift from Okawaru
 34274 | Spider:3 | HP: 4/115 [spark wasp (16)]
 34274 | Spider:3 | Slain by a spark wasp

Skill      XL: |  1  2  3  4  5  6  7  8  9 10 11 12 13 14 15 16 17 |
---------------+----------------------------------------------------+-----
Maces & Flails | 3 4 5 6 7 8 10 11 13 14 15 16 17 18 | 18.8
Fighting       | 4 6 8 9 10 11 12 13 14 15 16 | 16.1
Invocations    | 1 4 6 7 9 10 11 | 11.5
Armour         | 5 7 8 9 10 11 12 | 12.0
Shields        | 5 7 8 9 10 11 | 11.8

Action                   |  1- 3 |  4- 6 |  7- 9 | 10-12 | 13-15 | 16-18 || total
-------------------------+-------+-------+-------+-------+-------+-------++-------
Melee: Flail             |    88 |   328 |   297 |   863 |    73 |       ||  1649
       Morningstar       |       |       |       |       |  1377 |   818 ||  2195
       Demon whip        |       |       |       |       |   102 |       ||   102
       Great mace        |       |       |       |       |       |   103 ||   103
Invok: Heroism           |       |       |     2 |     5 |    18 |    13 ||    38
 Abil: Evoke Berserk Rag |       |       |       |     1 |       |       ||     1
       Evoke Blink       |       |       |       |       |     1 |       ||     1
       Fly               |       |       |       |       |       |     1 ||     1
Evoke: Wand              |       |       |       |    33 |     2 |     2 ||    37
  Use: Scroll            |       |     6 |     2 |    18 |    16 |     6 ||    48
       Potion            |       |     1 |       |     2 |     5 |     2 ||    10
  Eat: Ration            |       |     3 |     3 |     7 |    11 |     6 ||    30
       Chunk             |       |       |     2 |     4 |       |     5 ||    11
Armor: Scale mail        |    59 |   181 |   146 |   396 |   318 |       ||  1100
       Plate armour      |       |       |       |       |   514 |   867 ||  1381
       Fire dragon scale |       |       |       |       |       |   101 ||   101
Dodge: Dodged            |    31 |    96 |    71 |   222 |   340 |   459 ||  1219
Block: Shield            |    62 |   170 |   124 |   371 |   865 |   759 ||  2351
       Large shield      |       |       |       |       |       |    16 ||    16
